 Dungeon Crawl Stone Soup version 0.19-a0-1878-gcbc8a98 (webtiles) character file.

24 tyvek the Chopper (level 2, 27/27 HPs)
             Began as a Minotaur Berserker on Oct 14, 2016.
             Was a Follower of Trog.
             Quit the game on level 2 of the Dungeon.
             The game lasted 00:00:54 (796 turns).

tyvek the Chopper (Minotaur Berserker)               Turns: 796, Time: 00:00:55

Health: 27/27      AC:  2    Str: 21    XL:     2   Next: 79%
Magic:  1/1        EV: 12    Int:  1    God:    Trog [*.....]
Gold:   85         SH:  0    Dex:  9    Spells: 0 memorised, 1 level left

rFire  . . .     SeeInvis .     a - +0 hand axe
rCold  . . .     Gourm    .     b - +0 animal skin
rNeg   . . .     Faith    .     (no shield)
rPois  .         Spirit   .     (helmet restricted)
rElec  .         Dismiss  .     (no cloak)
rCorr  .         Reflect  .     (no gloves)
MR     .....     Harm     .     (no boots)
Stlth  +.........               (no amulet)
                                (no ring)
                                i - -3 ring of intelligence (curse)

@: no status effects
A: retaliatory headbutt, horns 2
a: Berserk, Burn Spellbooks, Renounce Religion


You were on level 2 of the Dungeon.
You worshipped Trog.
Trog was aware of your devotion.
You were not hungry.

You visited 1 branch of the dungeon, and saw 2 of its levels.

You collected 85 gold pieces.


Innate Abilities, Weirdness & Mutations

You reflexively headbutt those who attack you in melee.
You have a pair of horns on your head.


   Skills:
 + Level 3.9 Fighting
 * Level 4.4 Axes
 + Level 2.8 Armour
 + Level 2.3 Dodging


You had one spell level left.
You didn't know any spells.

Inventory:

Hand Weapons
 a - a +0 hand axe (weapon)
Armour
 b - a +0 animal skin (worn)
Jewellery
 i - a cursed -3 ring of intelligence (left hand)
Scrolls
 d - a scroll of enchant weapon {unknown}
 k - a scroll of remove curse {unknown}
 m - a scroll of magic mapping {unknown}
 n - a scroll of fear {unknown}
Potions
 e - a potion of heal wounds {@q2}
 g - a potion of lignification {!q}
 h - a potion of curing {@q1}
 l - a potion of ambrosia {unknown}
Comestibles
 c - 2 bread rations {@e1}
 f - a chunk of flesh
 j - a beef jerky {@e2}

Dungeon Overview and Level Annotations

Branches:
Dungeon (2/15)

Altars:
Makhleb
Okawaru
Uskayaw
Vehumet

###...##.#.#..## #
#..###.#.#.## #
#..........#
###.#.......##
..#.#......##
#..........#
###.#......#######
#..)....#........####
...#.##.#..#####@...#
.....##.........##.##
...####............#
.....##..........###
...#.#..........##
.....#.###.#.#..#
##.........#.[.##
####...........# #
#..##...###.#


There were no monsters in sight!


Message History

Trog accepts your kill.
A rat is nearby!
A rat is nearby!
A rat is nearby!
The rat bites you.
A rat is nearby!
You hit the rat.
You kill the rat!
Trog accepts your kill.
You butcher the rat corpse.
f - 3 chunks of flesh (gained 1)
You see here a rat skeleton. x2
Some of the chunks of flesh in your inventory have rotted away.
Found a radiant altar of Vehumet.
No target in view!
Some of the chunks of flesh in your inventory have rotted away.
Done exploring.
No target in view!
Done exploring.
No target in view!
Done exploring.
No target in view!
Done exploring.
No target in view!
Done exploring.
No target in view!
Done exploring.
No target in view!
Done exploring.
Are you sure you want to abandon this character and quit the game? (Confirm with "yes".)

Skill      XL: |  1 |
---------------+----+-----
Axes           | 4 |  4.4
Fighting       | |  3.9
Armour         | |  2.8
Dodging        | |  2.3

Action                   || total
-------------------------++-------
Melee: Hand axe          ||    41
       Headbutt          ||     1
  Use: Scroll            ||     3
Armor: Animal skin       ||     5
Dodge: Dodged            ||    30

Vault maps used:
D:1:      eino_arrival_cavern_a
D:2:      nicolae_overflow_hidden_temple

Notes
Turn   | Place    | Note
-------+----------+-------------------------------------------
     0 | D:1      | tyvek the Minotaur Berserker began the quest for the Orb.
     0 | D:1      | Reached XP level 1. HP: 19/19 MP: 0/0
   207 | D:1      | Reached skill level 4 in Axes
   396 | D:2      | Found a hide-covered altar of Uskayaw.
   400 | D:2      | Reached XP level 2. HP: 27/27 MP: 1/1
   507 | D:2      | Found a burning altar of Makhleb.
   509 | D:2      | Found an iron altar of Okawaru.
   765 | D:2      | Found a radiant altar of Vehumet.
   796 | D:2      | Quit the game

Vanquished Creatures
  4 bats
  3 giant cockroaches
  2 hobgoblins (D:2)
  A ball python (D:2)
  2 frilled lizards (D:2)
  4 goblins
  3 kobolds
  4 rats
23 creatures vanquished.
